 Dungeon Crawl Stone Soup version 0.24-b1 (webtiles) character file.

Game seed: 4367594661227346249, levelgen mode: deterministic

727 MisterOstroum the Poker (level 7, 41/64 HPs)
             Began as a Minotaur Chaos Knight on Oct 13, 2019.
             Quit the game on level 4 of the Dungeon.
             The game lasted 00:41:06 (4573 turns).

MisterOstroum the Poker (Minotaur Chaos Knight)     Turns: 4573, Time: 00:41:06

Health: 41/64      AC:  6    Str: 18    XL:     7   Next: 44%
Magic:  5/5        EV: 11    Int:  9    God:
Gold:   129        SH:  0    Dex: 10    Spells: 6/6 levels left

rFire    . . .     SeeInvis .   a - +0 spear (chaos)
rCold    . . .     Gourm    .   (no shield)
rNeg     . . .     Faith    .   b - +3 leather armour
rPois    .         Spirit   .   (helmet restricted)
rElec    x         Reflect  .   (no cloak)
rCorr    .         Harm     .   (no gloves)
MR       .....                  (no boots)
Stlth    +.........             (no amulet)
HPRegen  0.20/turn              (no ring)
MPRegen  0.09/turn              (no ring)

@: drained
A: retaliatory headbutt, horns 2, low mp 1, [electricity vulnerability]
a: no special abilities


You were on level 4 of the Dungeon.
You were not hungry.

You visited 2 branches of the dungeon, and saw 5 of its levels.
You also visited: Sewer.

You collected 208 gold pieces.
You donated 13 gold pieces to Zin.
You paid 66 gold pieces to Gozag.

Inventory:

Hand Weapons
 a - a +0 spear of chaos (weapon)
 c - a +1 demon trident of chaos
 n - a +0 hunting sling
 r - a +0 war axe
Missiles
 d - 81 stones (quivered)
 i - a throwing net {!f}
 o - 25 sling bullets
Armour
 b - a +3 leather armour (worn)
 k - a +0 ring mail
Wands
 q - a wand of iceblast (12)
 v - a wand of enslavement (7)
Scrolls
 g - 2 scrolls of remove curse {@r2}
 h - a scroll of enchant armour
 j - 5 scrolls of fear {!r}
Potions
 f - a potion of haste {@q4 !q}
 l - a potion of agility {@q5 !q}
 p - a potion of resistance
 s - 2 potions of curing {@q1 !q}
Comestibles
 e - 6 rations


   Skills:
 + Level 6.6(2.2) Fighting
 - Level 4.1(1.9) Axes
 * Level 6.9(2.6) Polearms
 - Level 3.2(0.5) Armour
 - Level 2.5(0.2) Dodging


You had 6 spell levels left.
You didn't know any spells.
Your spell library contained the following spells:

 Spells                   Type           Power        Failure   Level  Hunger
 Beastly Appendage        Tmut           #.....       43%         1    ##.....
 Sticks to Snakes         Tmut           #.......     58%         2    ###....
 Spider Form              Tmut/Pois      #.........   82%         3    ####...
 Ice Form                 Ice/Tmut       #.......     99%         4    #####..
 Blade Hands              Tmut           #.........   100%        5    ######.


Dungeon Overview and Level Annotations

Branches:
Dungeon (4/15)             Temple (1/1) D:4           Sewer (visited)

Altars:
Ashenzari
Dithmenos
Elyvilon
Gozag
Kikubaaqudgha
Makhleb
Qazlal
Sif Muna
Trog
Uskayaw
Xom
Zin
The Shining One

Annotations:
D:3 Pikel


Innate Abilities, Weirdness & Mutations

You reflexively headbutt those who attack you in melee.
You have a pair of horns on your head.
Your magical capacity is low. (-10% MP)
[You are vulnerable to electric shocks.]


Message History

The jackal bites you.
The jackal bites you but does no damage.
You hit the jackal.
The jackal is poisoned.
You headbutt the jackal.
You kill the jackal!
The jackal's corpse disappears in a puff of smoke!
The jackal barely misses you. The jackal bites you.
The jackal completely misses you. The jackal barely misses you.
You furiously retaliate!
You headbutt the jackal. You hit the jackal but do no damage.
The jackal flickers and vanishes!
Deactivating autopickup; reactivate with Ctrl-A.
The jackal misses you. Something bites you.
You closely miss the jackal. The jackal closely misses you.
Something bites you but does no damage. The jackal barely misses you.
You furiously retaliate!
You headbutt the jackal!
You kill the jackal!
The jackal's corpse disappears in a puff of smoke!
Something bites you.
No target in view!
No target in view!
You barely miss something. Something bites you.
You closely miss something. Your headbutt misses something.
Something bites you. Something bites you but does no damage.
You barely miss something. Something bites you.
Something bites you but does no damage.
You barely miss something. You headbutt something. Something bites you.
You puncture something!
Reactivating autopickup.
Your +0 spear of chaos is briefly surrounded by a scintillating aura of random colours.
a - a +0 spear of chaos (weapon)
g - 2 scrolls of remove curse {@r2} (gained 1)
You feel vulnerable to electricity.
Qazlal strips away your elemental protection.
Found a ration.
w - 2 scrolls labeled BEXAIS VOFRIU (gained 1)
You now have 129 gold pieces (gained 13).
As you read the scroll labeled BEXAIS VOFRIU, it crumbles to dust.
It is a scroll of identify.
p - a potion of resistance
Okay, then.
As you read the scroll of identify {@r1}, it crumbles to dust.
f - a potion of haste
As you read the scroll labeled PINOSUEMUC, it crumbles to dust.
You feel strangely unstable.
It was a scroll of teleportation.
Your surroundings suddenly seem different.
The kobold zombie is too close now for your liking.
There is a fountain of clear blue water here.
Attack whom?
Press: ? - help, Dir - move target cursor, f - kobold zombie
Aim: a kobold zombie You reach to attack!
You puncture the kobold zombie!
The kobold zombie convulses.
You destroy the kobold zombie!
No target in view!
No target in view!
HP restored.
j - 5 scrolls of fear {!r} (gained 1)
e - 6 rations (gained 1)
d - 75 stones (gained 12)
You see here a +0 dagger.
d - 76 stones (gained 1)
Items here: )) [[ a +0 leather armour; a +0 flail; a +0 scale mail; a +0 mace
d - 78 stones (gained 2)
d - 79 stones (gained 1)
d - 80 stones (gained 1)
d - 81 stones (gained 1) Qazlal incites the elements against you!
A basilisk and a catoblepas come into view.
Gozag incites the catoblepas and the basilisk against you.
The catoblepas goes berserk!
The basilisk seems to speed up.
Okay, then.
Okay, then.
Okay, then.
Okay, then.
Really read
u - a scroll of teleportation {@r3 !r}?
As you read the scroll of teleportation {@r3 !r}, it crumbles to dust.
You feel strangely unstable.
The basilisk hisses menacingly.
The catoblepas completely misses you.
Your surroundings suddenly seem different.
Welcome back, MisterOstroum the Minotaur Chaos Knight.
Press ? for a list of commands and other information.
You hear a bellow!
You hear a bellow! x2
You hear a bellow!
The catoblepas is too close now for your liking.
As you read the scroll labeled WAMOQI OVVA, it crumbles to dust.
The scroll dissolves into smoke.
It was a scroll of fog.
The catoblepas rages.
The catoblepas rages.
You see here a +0 dagger.
Items here: )) [[ a +0 leather armour; a +0 flail; a +0 scale mail; a +0 mace You hear a bellow!
The catoblepas gores you!
There is an open door here.
The catoblepas gores you!
There is a collapsed entrance, spattered with blood here.
Okay, then.
Are you sure you want to abandon this character and quit the game? (Confirm with "yes".)

...........§§§§§§.........#
...........§§§§§§.........#
...........§§§§§§§........#
...###'###.###§###........#
#. #.##...##§##.........#
###..l..###..........#
#.......#...........#
#..###Y###............# ##.
#@##.............. #
###....##########. .## #.
#. #. #. #. #. #.


You could see a catoblepas (berserk) and a basilisk.

Vanquished Creatures
  An orange demon (Temple)
  A ynoxinul (D:3)
  4 slaves
  Purgy (Sewer)
  A necrophage (D:3)
  An ogre (D:4)
  A scorpion (D:4)
  A bullfrog skeleton (D:4)
  A centaur skeleton (D:4)
  A hound (D:2)
  An orc wizard (D:4)
  3 worker ants (D:4)
  A hound skeleton (D:2)
  A mummy (D:4)
  A worker ant zombie (D:2)
  6 adders
  3 river rats
  An ooze (D:3)
  6 worms
  An adder skeleton (D:4)
  3 dart slugs
  10 orcs
  5 bats
  2 giant cockroaches
  A goblin (D:1)
  7 hobgoblins
  8 jackals
  2 quokkas
  4 ball pythons
  5 frilled lizards
  A goblin zombie (D:4)
  6 kobolds
  A kobold zombie (D:4)
  6 rats
98 creatures vanquished.

Vanquished Creatures (others)
  A smoke demon (Sewer)
1 creature vanquished.

Grand Total: 99 creatures vanquished

Notes
Turn   | Place    | Note
-------+----------+-------------------------------------------
     0 | D:1      | MisterOstroum the Minotaur Chaos Knight began the quest for
                  | the Orb.
     0 | D:1      | Reached XP level 1. HP: 19/19 MP: 0/0
   387 | D:1      | Reached XP level 2. HP: 27/27 MP: 1/1
   544 | D:1      | XOM: silly message
   564 | D:1      | XOM: harmless Conj miscast
   690 | D:1      | XOM: silly message
   894 | D:1      | XOM: smoke on damage
  1113 | D:2      | Reached XP level 3. HP: 33/33 MP: 2/2
  1148 | D:2      | Reached skill level 1 in Axes
  1242 | D:2      | XOM: harmless Pois miscast
  1345 | D:2      | Found a glowing silver altar of Zin.
  1353 | D:2      | Fell from the grace of Xom
  1353 | D:2      | Became a worshipper of Zin the Law-Giver
  1353 | D:2      | Reached * piety under Zin
  1535 | D:2      | Found a burning altar of Makhleb.
  1539 | D:2      | Reached XP level 4. HP: 41/41 MP: 3/3
  1548 | D:2      | Fell from the grace of Zin
  1548 | D:2      | Became a worshipper of Makhleb the Destroyer
  1565 | D:2      | Paralysed by the wrath of Zin for 4 turns
  1702 | D:3      | Fell from the grace of Makhleb
  1753 | D:3      | Noticed a necrophage
  1861 | D:3      | XOM: noise
  1879 | D:3      | Reached skill level 5 in Polearms
  1891 | D:3      | Noticed a ynoxinul
  1897 | D:2      | Reached XP level 5. HP: 42/47 MP: 4/4
  1974 | D:4      | XOM: noise
  1976 | D:4      | Noticed a slave
  2039 | D:3      | Killed a ynoxinul
  2042 | D:3      | HP: 2/47 [river rat (5)]
  2056 | D:3      | Found a glowing drain.
  2067 | D:3      | XOM: 2-stop teleportation journey
  2090 | D:3      | Reached skill level 5 in Fighting
  2170 | Sewer    | Entered a sewer
  2287 | Sewer    | Noticed Purgy
  2301 | Sewer    | Killed Purgy
  2301 | Sewer    | Reached XP level 6. HP: 44/56 MP: 5/5
  2474 | Sewer    | Noticed a smoke demon
  2478 | Sewer    | Banished a smoke demon
  2509 | Sewer    | XOM: medium Summ miscast
  2510 | Sewer    | Noticed a small abomination
  2551 | Sewer    | Gained mutation: Your magical capacity is low. (-10% MP)
                  | [potion of mutation]
  2551 | Sewer    | Gained mutation: Your muscles are strong. (Str +2) [potion
                  | of mutation]
  2671 | D:3      | XOM: mild Pois miscast
  2800 | D:3      | XOM: summons 2 hostile shadow creatures
  3167 | D:3      | Found a faded altar of an unknown god.
  3174 | D:3      | Became a worshipper of Makhleb the Destroyer
  3174 | D:3      | Reached * piety under Makhleb
  3212 | D:3      | XOM: god gift: glowing demon trident {god gift}
  3429 | D:4      | Reached XP level 7. HP: 62/63 MP: 5/5
  3562 | D:4      | Lost mutation: Your muscles are strong. (Str +2) [the wrath
                  | of Zin]
  3571 | D:4      | Noticed Pikel
  3740 | D:4      | Found a staircase to the Ecumenical Temple.
  3808 | Temple   | Entered the Ecumenical Temple
  3889 | Temple   | Fell from the grace of Makhleb
  3889 | Temple   | Became a worshipper of Kikubaaqudgha
  3903 | Temple   | Fell from the grace of Kikubaaqudgha
  3903 | Temple   | Became a worshipper of the Shining One
  3915 | Temple   | Fell from the grace of the Shining One
  3915 | Temple   | Became a worshipper of Uskayaw the Reveler
  3933 | Temple   | Fell from the grace of Uskayaw
  3933 | Temple   | Became a worshipper of Sif Muna the Loreminder
  3988 | Temple   | Fell from the grace of Sif Muna
  3988 | Temple   | Became a worshipper of Elyvilon the Healer
  4001 | Temple   | Fell from the grace of Elyvilon
  4001 | Temple   | Became a worshipper of Qazlal Stormbringer
  4024 | Temple   | Fell from the grace of Qazlal
  4024 | Temple   | Became a worshipper of Ashenzari the Shackled
  4038 | Temple   | Fell from the grace of Ashenzari
  4038 | Temple   | Became a worshipper of Dithmenos the Shadowed
  4084 | Temple   | Fell from the grace of Dithmenos
  4084 | Temple   | Became a worshipper of Trog the Wrathful
  4096 | Temple   | Noticed an orange demon
  4097 | Temple   | Fell from the grace of Trog
  4097 | Temple   | Became a worshipper of Gozag Ym Sagoz the Greedy
  4103 | Temple   | Killed an orange demon
  4274 | Temple   | Paralysed by the fury of Uskayaw for 2 turns
  4295 | Temple   | Noticed a neqoxec
  4320 | D:4      | Fell from the grace of Gozag
  4366 | D:4      | XOM: scenery: create altars
  4447 | D:4      | XOM: summons 2 hostile shadow creatures
  4546 | D:4      | Noticed a catoblepas
  4546 | D:4      | Noticed a basilisk
  4573 | D:4      | Quit the game

Skill      XL: |  1  2  3  4  5  6 |
---------------+-------------------+-----
Fighting       | 4 5 6 |  6.6
Polearms       | 4 5 6 |  6.9
Axes           | 2 3 4 |  4.1
Armour         | 3 |  3.2
Dodging        | 2 |  2.5

Action                   |  1- 3 |  4- 6 |  7- 9 || total
-------------------------+-------+-------+-------++-------
Melee: Spear             |    73 |   176 |     1 ||   250
       Headbutt          |     9 |    20 |    10 ||    39
       War axe           |     4 |       |     5 ||     9
       Demon trident     |       |     1 |    79 ||    80
Throw: Stone             |    10 |    27 |    13 ||    50
Invok: Renounce Religion |       |     1 |     1 ||     2
       Potion Petition   |       |       |     1 ||     1
  Use: Scroll            |       |     5 |     5 ||    10
       Potion            |       |     9 |       ||     9
 Stab: Paralysed         |     1 |       |       ||     1
       Confused          |       |     2 |       ||     2
  Eat: Chunk             |     1 |     5 |     1 ||     7
       Ration            |       |     1 |     1 ||     2
Armor: Leather armour    |    11 |    51 |    23 ||    85
       Ring mail         |     1 |       |       ||     1
Dodge: Dodged            |    24 |   111 |    48 ||   183
